Map: Dusk Towers

Players

千痣王

  • Race: Zerg Zerg
  • League: Master

lllllllll (Probe) - Winner!

  • Race: Protoss Protoss
  • League: Master

VOD

Have the link to the VOD?

Description

Time

  • Played on: Dec. 9, 2015, 12:22 a.m.
  • Length: 11:30
Show
View Real Time Build Order
Export as new Build Order

千痣王 Zerg 

Build Orders: Hatch First 

Get SALT Encoding   

  12  0:00  Drone  
  13  0:13  Overlord  
  13  0:21  Drone  
  14  0:32  Drone x2  
  16  0:37  Drone  
  17  0:53  Hatchery  
  17  0:56  Drone  
  17  1:09  Spawning Pool  
  16  1:12  Drone  
  16  1:16  Drone  
  18  1:39  Hatchery  
  17  1:41  Drone  
  17  1:42  Drone  
  17  1:44  Drone  
  20  1:53  Drone  
  21  2:05  Queen  
  21  2:06  Queen  
  25  2:10  Zergling x2  
  25  2:13  Drone  
  25  2:15  Drone  
  28  2:20  Overlord  
  28  2:39  Drone x4  
  32  2:48  Zergling x2  
  32  2:50  Queen  
  35  2:52  Overlord  
  35  2:53  Drone  
  35  2:54  Queen  
  37  2:59  Drone  
  37  3:03  Drone x2  
  40  3:08  Drone, Extractor x2  
  39  3:13  Overlord  
  39  3:20  Drone x4  
  39  3:23  Overlord  
  43  3:31  Queen  
  43  3:32  Drone  
  46  3:37  Drone x2  
  46  3:39  Drone  
  49  3:42  Spore Crawler  
  49  3:46  Spore Crawler  
  49  3:48  Drone  
  48  3:49  Drone  
  48  3:53  Drone x2  
  51  3:56  Drone  
  51  3:59  Metabolic Boost  
  51  4:02  Overlord  
  52  4:05  Drone  
  52  4:07  Drone x2  
  55  4:13  Lair  
  55  4:16  Drone x2  
  57  4:19  Drone  
  58  4:25  Drone x4  
  58  4:26  Drone  
  63  4:36  Overlord  
  63  4:37  Evolution Chamber  
  62  4:39  Roach Warren  
  62  4:43  Spore Crawler  
  60  4:50  Overlord  
  60  4:57  Drone x6  
  66  5:00  Overlord  
  66  5:05  Spore Crawler  
  65  5:10  Zerg Missile Weapons Level 1  
  65  5:11  Drone  
  65  5:12  Drone x8  
  74  5:16  Spore Crawler  
  74  5:17  Extractor x2  
  71  5:22  Pneumatized Carapace  
  71  5:27  Roach  
  71  5:37  Drone x2  
  73  5:44  Overlord  
  73  5:45  Overlord  
  73  6:00  Overlord  
  73  6:01  Overlord  
  73  6:06  Hatchery  
  72  6:12  Roach x5  
  72  6:14  Overlord x2  
  82  6:18  Spore Crawler  
  82  6:22  Overlord x3  
  80  6:31  Overlord  
  80  6:32  Overlord  
  80  6:33  Roach  
  80  6:34  Roach x4  
  88  6:46  Overlord x2  
  89  6:47  Roach x5, Extractor  
  89  6:48  Glial Reconstitution  
  89  6:52  Roach x4  
  104  6:55  Drone  
  104  6:56  Drone x3  
  108  7:20  Zerg Missile Weapons Level 2  
  108  7:26  Drone x2  
  108  7:27  Drone  
  108  7:28  Infestation Pit  
  110  7:30  Roach  
  110  7:31  Baneling Nest, Roach x11  
  110  7:37  Drone  
  134  7:42  Drone x2  
  135  7:51  Extractor  
  135  7:57  Overlord x3  
  132  8:04  Zergling x2  
  132  8:05  Zergling x16  
  138  8:11  Drone  
  133  8:29  Zergling x20  
  143  8:34  Queen  
  143  8:38  Baneling  
  143  8:39  Baneling x16  
  143  8:41  Baneling x3  
  145  8:42  Roach x3  
  145  8:47  Hive  
  145  8:48  Queen  
  149  8:53  Roach x5  
  159  9:00  Zergling x4  
  160  9:05  Hatchery  
  137  9:14  Roach  
  137  9:15  Roach x3  
  91  9:25  Roach x5  
  91  9:27  Ravager x5  
  91  9:28  Baneling  
  91  9:29  Baneling x3  
  104  9:31  Roach  
  104  9:34  Roach  
  110  9:38  Roach  
  110  9:45  Roach x2  
  112  9:51  Roach  
  98  9:55  Zergling x4  
  98  9:58  Roach  
  102  10:02  Roach x2  
  102  10:03  Roach x4  
  108  10:08  Spore Crawler  
  108  10:09  Roach x2  
  108  10:10  Ravager x3  
  114  10:15  Zergling x4  
  116  10:23  Drone x3, Queen  
  116  10:26  Roach  
  123  10:31  Roach x2  
  123  10:32  Roach x5  
  136  10:43  Drone  
  136  10:44  Spore Crawler  
  136  10:48  Viper x2  
  142  10:54  Roach x3, Zergling x6  
  148  11:01  Baneling x5  
  148  11:02  Zergling x2  
  148  11:03  Zergling x4  
Show
View Real Time Build Order
Export as new Build Order

lllllllll Protoss - Winner!

Build Orders: 1 Gate Expand, Phoenix Opening 

Get SALT Encoding   

  12  0:01  Probe (Chrono Boost)  
  13  0:11  Probe (Chrono Boost)  
  14  0:20  Pylon  
  14  0:22  Probe (Chrono Boost)  
  15  0:39  Probe (Chrono Boost)  
  15  0:42  Gateway  
  16  0:49  Probe (Chrono Boost)  
  17  0:54  Assimilator  
  17  1:00  Probe (Chrono Boost)  
  18  1:10  Probe (Chrono Boost)  
  19  1:20  Nexus  
  19  1:24  Probe (Chrono Boost)  
  20  1:35  Cybernetics Core  
  20  1:36  Probe (Chrono Boost)  
  21  1:44  Assimilator  
  22  1:47  Probe (Chrono Boost)  
  22  1:51  Pylon  
  22  1:57  Probe (Chrono Boost)  
  23  2:09  Probe (Chrono Boost)  
  23  2:11  Adept (Chrono Boost)  
  23  2:12  Warp Gate  
  26  2:20  Probe  
  27  2:33  Mothership Core (Chrono Boost), Probe (Chrono Boost)  
  27  2:35  Stalker  
  33  2:44  Probe (Chrono Boost)  
  33  2:51  Probe (Chrono Boost)  
  33  2:55  Probe (Chrono Boost)  
  35  3:02  Probe (Chrono Boost)  
  35  3:04  Stargate  
  35  3:05  Probe (Chrono Boost)  
  38  3:13  Probe (Chrono Boost)  
  38  3:16  Probe (Chrono Boost)  
  39  3:22  Pylon  
  39  3:23  Probe (Chrono Boost)  
  39  3:25  Sentry  
  39  3:26  Probe (Chrono Boost)  
  43  3:29  Gateway  
  43  3:30  Gateway  
  43  3:34  Probe (Chrono Boost)  
  44  3:37  Probe (Chrono Boost)  
  44  3:40  Forge  
  45  3:43  Pylon  
  45  3:44  Probe (Chrono Boost)  
  45  3:46  Probe (Chrono Boost)  
  47  3:49  Phoenix (Chrono Boost)  
  50  3:55  Probe  
  50  3:56  Probe  
  50  3:59  Assimilator  
  50  4:00  Assimilator  
  51  4:07  Probe x2  
  53  4:11  Phoenix (Chrono Boost)  
  53  4:15  Protoss Ground Weapons Level 1 (Chrono Boost)  
  55  4:19  Probe  
  55  4:21  Probe  
  57  4:28  Nexus  
  57  4:29  Phoenix (Chrono Boost)  
  57  4:33  Probe  
  60  4:40  Pylon  
  60  4:42  Pylon  
  61  4:51  Phoenix  
  61  4:52  Twilight Council  
  60  4:59  Robotics Facility  
  62  5:00  Probe x2  
  64  5:12  Probe, Phoenix  
  64  5:13  Probe  
  66  5:16  Pylon  
  68  5:25  Probe x2  
  70  5:34  Charge (Chrono Boost)  
  70  5:37  Probe x2  
  70  5:38  Sentry x2, Adept  
  70  5:41  Probe  
  78  5:49  Probe x2  
  81  5:53  Probe  
  81  5:56  Immortal (Chrono Boost)  
  86  6:01  Probe x2  
  88  6:04  Gateway  
  88  6:05  Probe  
  88  6:06  Gateway  
  89  6:13  Probe  
  90  6:20  Gateway  
  90  6:21  Gateway  
  90  6:22  Gateway, Probe  
  90  6:24  Gateway  
  91  6:27  Adept x3  
  91  6:31  Probe x2, Pylon  
  99  6:41  Protoss Ground Weapons Level 2  
  99  6:50  Immortal (Chrono Boost), Pylon  
  99  6:51  Pylon  
  99  6:52  Gateway  
  103  6:55  Photon Cannon  
  103  7:03  Templar Archives, Zealot x3  
  109  7:09  Pylon  
  109  7:11  Pylon  
  109  7:14  Pylon  
  109  7:15  Pylon  
  109  7:16  Pylon  
  109  7:17  Pylon  
  109  7:22  Zealot x3  
  115  7:24  Observer (Chrono Boost)  
  116  7:32  Zealot  
  116  7:33  Zealot x5  
  116  7:35  Photon Cannon  
  128  7:38  Photon Cannon  
  128  7:43  Immortal (Chrono Boost)  
  132  7:58  Zealot x5  
  134  7:59  Zealot x2  
  146  8:05  High Templar x2  
  150  8:13  Archon  
  150  8:17  Immortal (Chrono Boost)  
  154  8:20  High Templar  
  154  8:21  High Templar x2  
  154  8:22  Zealot x3  
  154  8:25  Nexus  
  166  8:28  Archon  
  166  8:29  Resonating Glaives  
  166  8:32  Pylon  
  166  8:33  Pylon  
  166  8:39  Adept x3  
  172  8:46  Pylon  
  172  8:49  Pylon x3  
  172  9:00  Immortal (Chrono Boost)  
  172  9:02  High Templar  
  164  9:12  Zealot  
  164  9:13  Zealot x7, Archon  
  154  9:31  Photon Cannon  
  154  9:32  Photon Cannon  
  154  9:37  Zealot x2  
  162  9:40  Warp Prism (Chrono Boost)  
  132  9:56  Zealot x6  
  132  9:57  Zealot  
  144  10:10  High Templar x2  
  144  10:13  Assimilator  
  148  10:15  Assimilator  
  148  10:16  Immortal (Chrono Boost), Assimilator  
  148  10:18  Archon, Assimilator  
  148  10:19  High Templar x2  
  148  10:20  Zealot x5  
  166  10:22  Probe  
  166  10:23  Probe  
  166  10:24  Archon  
  168  10:55  Zealot x6  
  180  11:00  Dark Shrine  
  180  11:05  Robotics Facility  
  180  11:08  Robotics Bay  
  178  11:17  Zealot x3  
  178  11:18  Zealot x5  
Tags
 
Add a new tag
Caveats
  • Supply blocks, unpowered buildings, or Contaminate may cause inaccurate times.
  • Supply counts are checked every 10 seconds.